 Dungeon Crawl Stone Soup version 0.30-a0-637-gacddeb6d44 (webtiles) character file.

Game seed: 16567942121614533253

9452 HoaS the Marksgargoyle (level 11, -4/62 HPs)
             Began as a Gargoyle Hunter on Jan 15, 2023.
             Was an Initiate of Gozag.
             Slain by a wyvern (8 damage)
             ... on level 9 of the Dungeon.
             The game lasted 00:29:35 (12274 turns).

HoaS the Marksgargoyle (Gargoyle Hunter)           Turns: 12274, Time: 00:29:35

Health: -4/62      AC: 25    Str: 17    XL:     11   Next: 46%
Magic:  11/11      EV: 13    Int: 10    God:    Gozag
Gold:   781        SH:  0    Dex: 17    Spells: 10/10 levels left

rFire   + . .      SeeInvis .    a - +0 shortbow
rCold   + . .      Faith    .    (shield currently unavailable)
rNeg    + + .      Spirit   .    j - +5 ring mail of Qaostrad {rElec rN+ Str+2}
rPois   ∞          Reflect  .    h - +2 helmet
rElec   +          Harm     .    x - +0 cloak
rCorr   +          Rampage  .    g - +1 pair of gloves
Will    .....                    (no boots)
Stlth   +                        (no amulet)
HPRegen 0.30/turn                (no ring)
MPRegen 0.12/turn                (no ring)

@: resistant, hasted, very quick
A: sickness immunity, AC +8, negative energy resistance 1, electricity
resistance, torment resistance 1, petrification resistance
a: Renounce Religion, Potion Petition, Call Merchant, Bribe Branch


You were on level 9 of the Dungeon.
You worshipped Gozag.
Gozag was pleased with you.
You visited 2 branches of the dungeon, and saw 11 of its levels.
You also visited: Sewer and Bailey.

You collected 1358 gold pieces.
You paid 577 gold pieces to Gozag.

Inventory:

Hand Weapons
 a - a +0 shortbow (weapon)
Armour
 g - a +1 pair of gloves (worn)
 h - a +2 helmet (worn)
 j - the +5 ring mail of Qaostrad (worn) {rElec rN+ Str+2}
   (You found it on level 3 of the Dungeon)

   Str:       It affects your strength (+2).
   rElec:     It insulates you from electricity.
   rN:        It protects you from negative energy.
 x - a +0 cloak (worn)
Jewellery
 u - a ring of ice
Wands
 s - a wand of flame (14)
 v - a wand of digging (5)
 y - a wand of acid (4)
Scrolls
 b - 6 scrolls of immolation
 c - a scroll of fear
 d - 5 scrolls of teleportation
 m - a scroll of fog
 p - 2 scrolls of blinking
 t - 2 scrolls of poison
 A - a scroll of magic mapping
Potions
 e - a potion of haste
 f - a potion of attraction
 i - a potion of ambrosia
 k - 2 potions of mutation
 n - a potion of invisibility
 q - a potion of curing
 w - a potion of cancellation {unknown}


   Skills:
 + Level 4.6 Fighting
 - Level 16.0 Ranged Weapons
 + Level 4.6 Armour
 * Level 4.7 Dodging
 - Level 1.1 Stealth


You had 10 spell levels left.
You didn't know any spells.
Your spell library contained the following spells:

 Spells                   Type           Power      Damage    Failure   Level
 Magic Dart               Conj           0%         1d3       54%         1
 Slow                     Hex            0%         N/A       54%         1
 Blink                    Tloc           0%         N/A       69%         2
 Momentum Strike          Conj/Tloc      0%         3d8       69%         2
 Poisonous Vapours        Pois/Air       0%         N/A       69%         2
 Searing Ray              Conj           0%         2d4       69%         2
 Confusing Touch          Hex            0%         N/A       89%         3
 Lesser Beckoning         Tloc           0%         N/A       89%         3
 Mephitic Cloud           Conj/Pois/Air  0%         N/A       89%         3
 Portal Projectile        Hex/Tloc       0%         N/A       89%         3
 Stone Arrow              Conj/Erth      0%         3d7       89%         3
 Tukima's Dance           Hex            0%         N/A       89%         3
 Vampiric Draining        Necr           0%         2d6       89%         3
 Fulminant Prism          Conj/Hex       0%         3d5       100%        4
 Ice Form                 Ice/Tmut       0%         N/A       100%        4
 Petrify                  Tmut/Erth      0%         N/A       100%        4
 Alistair's Intoxication  Tmut/Pois      0%         N/A       100%        5
 Blade Hands              Tmut           0%         N/A       100%        5
 Irradiate                Conj/Tmut      0%         3d11      100%        5
 Yara's Violent Unravell  Hex/Tmut       0%         3d3       100%        5
 Cigotuvi's Dreadful Rot  Necr/Pois/Air  Unusable   N/A       N/A         2
 Sublimation of Blood     Necr           Unusable   N/A       N/A         2

Dungeon Overview and Level Annotations

Branches:
Dungeon (10/15)            Temple (1/1) D:7            Lair (0/5) D:10
  Sewer (visited)          Bailey (visited)
    Orc: D:9-12

Altars:
Ashenzari
Cheibriados
Dithmenos
Elyvilon
Fedhas
Gozag
Kikubaaqudgha
Makhleb
Nemelex Xobeh
Okawaru
Qazlal
Ru
Sif Muna
Trog
Uskayaw
Vehumet
Wu Jian
Xom
Yredelemnul
Zin


Innate Abilities, Weirdness & Mutations

You are immune to sickness and miasma.
Your stone body is resilient. (AC +8)
You are immune to poison.
You resist negative energy. (rN+)
You are resistant to electric shocks. (rElec)
You are resistant to unholy torment.
You are immune to petrification.


Message History

You shoot an arrow. The arrow hits the death yak.
The death yak is heavily wounded.
The wyvern bites you but does no damage.
You shoot an arrow. The arrow hits the death yak.
The death yak is severely wounded.
The death yak gores you.
The wyvern bites you but does no damage.
You shoot an arrow. The arrow barely misses the death yak.
You shoot an arrow.
The arrow completely misses the death yak.
The wyvern bites you but does no damage.
The death yak closely misses you.
You shoot an arrow. The arrow hits the death yak!
The death yak is severely wounded.
The wyvern bites you but does no damage.
You shoot an arrow. The arrow hits the death yak.
The death yak is severely wounded.
The death yak gores you but does no damage.
You shoot an arrow. The arrow barely misses the death yak.
The wyvern barely misses you.
You shoot an arrow.
The arrow hits the death yak but does no damage.
The death yak is severely wounded.
The death yak gores you!
* * * LOW HITPOINT WARNING * * *
The wyvern closely misses you.
You shoot an arrow. The arrow hits the death yak.
The death yak is almost dead.
Okay, then.
You shoot an arrow. The arrow hits the death yak!
The death yak is almost dead.
The wyvern bites you!
* * * LOW HITPOINT WARNING * * *
The death yak gores you but does no damage.
You shoot an arrow.
The arrow hits the death yak but does no damage.
The death yak is almost dead.
The wyvern bites you!
You die...
Your body crumbles into a pile of gold.

..............>..................
####..........................###
# ##........................##
#.......................##
##......................#
###.................[...##
###.......................###
##...............Y...........####
................@................
.......<........l.......).#......
........................).####...
..........8...............# ###.
.......8.....8............# ##.
..........................# #..
..........................# #..
.....8....∩....8.........## ##..
........................## #..#


You could see a death yak and a wyvern.

Vanquished Creatures
  Pikel (D:4)
  A gargoyle (D:9)
  Prince Ribbit (Bailey)
  9 yaks
  A wraith (D:9)
  A shadow (D:5)
  7 humans (Bailey)
  A wyvern (D:9)
  Grum (D:8)
  A steam dragon (D:9)
  An acid dragon (D:9)
  Duvessa (D:7)
  2 orc warriors
  2 black bears
  2 ice beasts
  2 sky beasts (D:6)
  2 wolves (D:8)
  2 ogres
  2 lemures (D:4)
  3 centaurs
  2 phantoms
  4 kobold brigands
  10 bullfrogs
  A gnoll sergeant (D:8)
  A scorpion (D:5)
  A necrophage (D:8)
  5 wights (D:9)
  Dowan (D:7)
  27 killer bees
  2 jellies
  A howler monkey (D:8)
  4 hounds
  9 orc priests
  2 gnoll boudas
  Terence (D:3)
  4 iguanas
  8 orc wizards
  14 gnolls
  7 adders
  4 river rats (Sewer)
  A shadow imp (D:6)
  A white imp (D:6)
  An ufetubus (D:7)
  2 worms
  A dart slug (D:3)
  32 orcs
  12 ball pythons
  11 bats
  8 endoplasms
  4 giant cockroaches
  8 goblins
  11 hobgoblins
  11 jackals
  20 kobolds
  2 quokkas (D:4)
  8 frilled lizards
  7 rats
291 creatures vanquished.

Vanquished Creatures (others)
  8 plants (Sewer)
8 creatures vanquished.

Grand Total: 299 creatures vanquished

Notes
Turn   | Place    | Note
-------+----------+-------------------------------------------
     0 | D:1      | HoaS the Gargoyle Hunter began the quest for the Orb.
     0 | D:1      | Reached XP level 1. HP: 12/12 MP: 1/1
    35 | D:1      | Found a faded altar of an unknown god.
   151 | D:1      | Reached XP level 2. HP: 17/17 MP: 2/2
   370 | D:1      | Reached XP level 3. HP: 21/21 MP: 3/3
   632 | D:1      | Reached skill level 5 in Ranged Weapons
  1083 | D:2      | Reached XP level 4. HP: 26/26 MP: 4/4
  1822 | D:3      | Found a glowing drain.
  1828 | D:3      | Identified the +5 ring mail of Qaostrad {rElec rN+ Str+2}
  1837 | Sewer    | Entered a sewer
  1861 | Sewer    | Noticed a kobold brigand
  1877 | Sewer    | Killed a kobold brigand
  1878 | Sewer    | Reached skill level 6 in Ranged Weapons
  1878 | Sewer    | Reached XP level 5. HP: 30/30 MP: 5/5
  2305 | Sewer    | Reached skill level 7 in Ranged Weapons
  2346 | Sewer    | Noticed a kobold brigand
  2353 | Sewer    | Killed a kobold brigand
  2354 | Sewer    | Reached XP level 6. HP: 35/35 MP: 6/6
  2797 | D:3      | Noticed Terence
  2837 | D:3      | Killed Terence
  3273 | D:3      | Reached skill level 8 in Ranged Weapons
  3273 | D:3      | Reached skill level 1 in Armour
  3273 | D:3      | Reached XP level 7. HP: 29/40 MP: 7/7
  3630 | D:4      | Got Zatymaid's Precepts of Dynamic Death
  4243 | D:4      | Noticed Pikel
  4266 | D:4      | Killed Pikel
  4267 | D:4      | Reached skill level 9 in Ranged Weapons
  4267 | D:4      | Reached XP level 8. HP: 27/44 MP: 8/8
  4473 | D:4      | Reached skill level 10 in Ranged Weapons
  4778 | D:5      | Entered Level 5 of the Dungeon
  5385 | D:5      | Reached skill level 11 in Ranged Weapons
  5840 | D:5      | Reached XP level 9. HP: 38/48 MP: 9/9
  6389 | D:6      | Got the Codex of the Captivating Shapeshifter
  6416 | D:6      | Reached skill level 12 in Ranged Weapons
  6444 | D:6      | Found a radiant altar of Vehumet.
  6944 | D:6      | Reached skill level 13 in Ranged Weapons
  7257 | D:7      | Noticed Duvessa
  7257 | D:7      | Noticed Dowan
  7348 | D:7      | Killed Duvessa
  7468 | D:7      | Killed Dowan
  7511 | D:7      | Found a staircase to the Ecumenical Temple.
  7528 | Temple   | Entered the Ecumenical Temple
  7616 | Temple   | Became a worshipper of Gozag Ym Sagoz the Greedy
  8279 | D:8      | Reached skill level 14 in Ranged Weapons
  8279 | D:8      | Reached XP level 10. HP: 47/53 MP: 10/10
  9048 | D:8      | Reached skill level 15 in Ranged Weapons
  9264 | D:8      | Noticed Grum
  9298 | D:8      | Killed Grum
  9682 | D:9      | Noticed a cyclops
  9716 | D:9      | Found a flagged portal.
  9826 | Bailey   | Entered a bailey
 10291 | Bailey   | Reached skill level 16 in Ranged Weapons
 10511 | Bailey   | Reached XP level 11. HP: 59/59 MP: 11/11
 10533 | Bailey   | Noticed Prince Ribbit
 10533 | Bailey   | Noticed a vault guard
 10566 | Bailey   | Killed Prince Ribbit
 10618 | Bailey   | Noticed a vault guard
 10948 | D:9      | Found a shimmering altar of Xom.
 12236 | D:10     | Entered Level 10 of the Dungeon
 12236 | D:10     | Noticed a death yak
 12236 | D:10     | Found a staircase to the Lair.
 12274 | D:9      | Slain by a wyvern

Illustrated notes

Levels and vault maps discovered:
D:1:      psy_arrival_basics, layout_loops_ring,
          shapermc_ecumenical_altar_totnotflames
D:2:      layout_basic
D:3:      layout_rooms, cheibrodos_sewer_entry_sluice, uniq_terence
D:4:      layout_layer_cave, grunt_ministairs_14, uniq_pikel
D:5:      layout_loops_corners
D:6:      layout_basic, lemuel_coloured_pillars_altar
D:7:      layout_gridville, temple_statues, uniq_duvessa
D:8:      layout_basic, chequers_jeans, uniq_grum
D:9:      layout_layer_cave, kennysheep_little_box, enter_bailey_6,
          nicolae_fountain_basement
D:10:     layout_small_grid, lemuel_crystal_altar, tso_oasis_becter,
          david_lair_generic, minmay_lizard_king, uniq_gastronok,
          uniq_josephine, uniq_amaemon
Temple:   dpeg_three_leaves_temple

Skill      XL: |  1  2  3  4  5  6  7  8  9 10 11 |
---------------+----------------------------------+-----
Ranged Weapons | 5 6 7 8 9 11 14 16 | 16.0
Armour         | 1 2 4 |  4.6
Dodging        | 2 4 |  4.7
Fighting       | 4 |  4.6
Stealth        | |  1.1

Action                   |  1- 3 |  4- 6 |  7- 9 | 10-12 || total
-------------------------+-------+-------+-------+-------++-------
Melee: Unarmed           |       |    15 |       |       ||    15
       Punch             |       |     1 |       |       ||     1
       Shortbow          |       |       |     4 |       ||     4
 Fire: Shortbow          |   107 |   209 |   579 |   803 ||  1698
Invok: Potion Petition   |       |       |       |     1 ||     1
  Use: Scroll            |     4 |     8 |    10 |     3 ||    25
       Potion            |       |     1 |       |     7 ||     8
Armor: Leather armour    |    25 |     2 |       |       ||    27
       Skin              |       |    30 |       |       ||    30
       Ring mail         |       |   103 |   228 |   278 ||   609
Dodge: Dodged            |    26 |   116 |   211 |   344 ||   697

Table legend: (Time is in decaauts)
 A = Elapsed time spent in this place.
 B = Non-inter-level travel time spent in this place.
 C = Inter-level travel time spent in this place.
 D = Time resting spent in this place.
 E = Time spent auto-exploring this place.
 F = Levels seen in this place.
 G = Mean time per level.
                   A        B        C        D        E       F      G
               +--------+--------+--------+--------+--------+-----+--------+
         Total |  12396 |  12000 |    396 |   2194 |   6850 |  13 |  953.5 |
       Dungeon |  10404 |  10041 |    363 |   1670 |   6058 |  10 | 1040.4 |
        Temple |     98 |     65 |     33 |      0 |     58 |   1 |   98.0 |
         Sewer |   1123 |   1123 |      0 |    152 |    618 |   1 | 1123.0 |
        Bailey |    769 |    769 |      0 |    371 |    115 |   1 |  769.0 |
               +--------+--------+--------+--------+--------+-----+--------+

Top non-repeatable levels by time:
     D:8: 1558 daAuts
     D:9: 1556 daAuts
     D:4: 1442 daAuts
     D:5: 1430 daAuts
   Sewer: 1123 daAuts
     D:2: 1093 daAuts
     D:7: 930 daAuts
     D:6: 847 daAuts
     D:3: 778 daAuts
  Bailey: 769 daAuts
     D:1: 758 daAuts
  Temple: 98 daAuts
    D:10: 7 daAuts
